 Dungeon Crawl Stone Soup version 0.32-a0-20-ge526923d97 (webtiles) character file.

Game seed: 2893991914395850509

28 IdlyInterested the Cutter (level 2, -2/24 HPs)
             Began as a Demonspawn Fighter on Jan 17, 2024.
             Slain by Terence
             ... wielding a +0 falchion
              (5 damage)
             ... on level 2 of the Dungeon.
             The game lasted 00:03:09 (1135 turns).

IdlyInterested the Cutter (Demonspawn Fighter)      Turns: 1135, Time: 00:03:09

Health: -2/24      AC: 10    Str: 13 (16) XL:     2   Next: 96%
Magic:  2/2        EV:  8    Int:  7 (8)  God:
Gold:   79         SH:  0    Dex: 10 (12) Spells: 1/1 levels left

rFire   . . .        g - +2 dagger (speed)
rCold   . . .        (no shield)
rNeg    . . .        b - +0 scale mail
rPois   .            (no helmet)
rElec   .            (no cloak)
rCorr   .            (no gloves)
SInv    .            (no boots)
Will    .....        (no amulet) Stlth
                     f - +4 ring of protection
HPRegen 0.24/turn    (no ring)
MPRegen 0.08/turn

%: no passive effects
@: mighty
A: claws 1
a: no special abilities


You were on level 2 of the Dungeon.
You visited 1 branch of the dungeon, and saw 2 of its levels.

You collected 79 gold pieces.

Inventory:

Hand Weapons
 a - a +0 rapier
 g - a +2 dagger of speed (weapon)
Missiles
 e - 16 stones (quivered)
 i - 5 boomerangs
Armour
 b - a +0 scale mail (worn)
 c - a +0 buckler
Jewellery
 f - a +4 ring of protection (left claw)
Scrolls
 h - a scroll of fog {unknown}
 m - 2 scrolls of identify {unknown}
 n - a scroll of vulnerability {unknown}
Potions
 j - a potion of enlightenment {unknown}
 k - a potion of cancellation {unknown}
 l - a potion of curing {unknown}


   Skills:
 - Level 3.0 Fighting
 * Level 3.2 Short Blades
 - Level 2.6 Armour
 - Level 2.6 Shields


You had one spell level left.
You didn't know any spells.
Your spell library was empty.

Dungeon Overview and Level Annotations

Branches:
Dungeon (2/15)

Altars:

Annotations:
D:2 Terence


Innate Abilities, Weirdness & Mutations

You have sharp fingernails.


Message History

Terence is lightly wounded.
Terence hits you with a +0 falchion.
You barely miss Terence.
Terence is lightly wounded.
You closely miss Terence.
Terence is lightly wounded.
Terence hits you with a +0 falchion.
You hit Terence but do no damage.
Terence is lightly wounded.
A quokka comes into view.
You hit Terence but do no damage.
Terence is lightly wounded.
Terence closely misses you.
You hit Terence but do no damage.
Terence is lightly wounded.
The rat completely misses you. Terence hits you with a +0 falchion.
You closely miss the rat. You closely miss the rat.
The rat bites you but does no damage. Terence hits you with a +0 falchion.
* * * LOW HITPOINT WARNING * * *
You closely miss the rat. You hit the rat but do no damage. The rat misses you.
Terence hits you but does no damage.
You feel very mighty all of a sudden. The rat bites you but does no damage.
Terence hits you with a +0 falchion.
* * * LOW HITPOINT WARNING * * *
You hit Terence.
Terence is moderately wounded.
You hit Terence.
Terence is heavily wounded.
The rat closely misses you. Terence hits you with a +0 falchion.
* * * LOW HITPOINT WARNING * * *
You puncture Terence!
Terence is almost dead.
The rat misses you.
You completely miss Terence.
Terence is almost dead.
Terence hits you with a +0 falchion.
You die...
Terence says, "Time to find some more victims."

#.. #.. .....<.
#..##.# #..##.#
## ##..##.# ###.
#...##r# #+#...
#.#.##r# #.....
#....@@# ##....
#...#### ###...
#...# .# #.##..
#...# #.# #..##.
#####...####.#
##..##
#.....†......#
#....#
#.###...####.# #
#[##..
#...####.####.##
###...
#...............
#...##


You could see Terence, a quokka and a rat.

Vanquished Creatures
  2 dart slugs
  2 ball pythons
  2 bats (D:1)
  3 endoplasms
  2 goblins (D:1)
  2 hobgoblins (D:1)
  A quokka (D:2)
  3 frilled lizards
  A kobold (D:1)
  4 rats
22 creatures vanquished.

Notes
Turn   | Place    | Note
-------+----------+-------------------------------------------
     0 | D:1      | IdlyInterested the Demonspawn Fighter began the quest for
                  | the Orb.
     0 | D:1      | Reached XP level 1. HP: 18/18 MP: 1/1
   128 | D:1      | Gained mutation: You have sharp fingernails. [demonic
                  | ancestry]
   128 | D:1      | Reached XP level 2. HP: 24/24 MP: 2/2
  1108 | D:2      | Noticed Terence
  1135 | D:2      | Slain by Terence

Illustrated notes

Levels and vault maps discovered:
D:1:      ncdulo_watergridlock, layout_loops_corners, kennysheep_boxes
D:2:      minmay_razor_zed, layout_loops_ring,
          shapermc_ecumenical_altar_mp_highgroup, uniq_terence

Skill      XL: |  1  2 |
---------------+-------+-----
Short Blades   | 2 3 |  3.2
Fighting       | |  3.0
Armour         | |  2.6
Shields        | |  2.6

Action                     || total
---------------------------++-------
  Melee: Rapier            ||    14
         Dagger            ||    72
  Throw: Stone             ||     1
    Use: Potion            ||     2
 Armour: Scale mail        ||    48
  Dodge: Dodged            ||    20
  Block: Buckler           ||     4

Table legend: (Time is in decaauts)
 A = Elapsed time spent in this place.
 B = Non-inter-level travel time spent in this place.
 C = Inter-level travel time spent in this place.
 D = Time resting spent in this place.
 E = Time spent auto-exploring this place.
 F = Levels seen in this place.
 G = Mean time per level.
                   A        B        C        D        E       F      G
               +--------+--------+--------+--------+--------+-----+--------+
         Total |   1104 |   1039 |     65 |    139 |    710 |   2 |  552.0 |
       Dungeon |   1104 |   1039 |     65 |    139 |    710 |   2 |  552.0 |
               +--------+--------+--------+--------+--------+-----+--------+

Top non-repeatable levels by time:
     D:1: 812 daAuts
     D:2: 292 daAuts
